[Event "FIDE Women World Blitz 2021"]
[Site "Warsaw"]
[Date "2021.12.29"]
[Round "8.5"]
[White "Koneru, Humpy"]
[Black "Babiy, Olga"]
[Result "1-0"]
[ECO "D27"]
[WhiteElo "2586"]
[BlackElo "2179"]
[Annotator "ChessBase"]
[PlyCount "53"]
[EventDate "2021.12.29"]
[EventType "swiss"]
[EventCountry "POL"]
[Tiebreak "Cut1 Buchholz"]
[SourceTitle "playchess.com"]
[Source "ChessBase"]
[SourceQuality "1"]
[TimeControl "180+2"]

1. d4 d5 2. c4 dxc4 3. Nf3 Nf6 4. e3 e6 5. Bxc4 a6 6. O-O c5 7. b3 b6 8. Bb2 Bb7 9. Qe2 Nbd7 10. Rd1 Be7 11. Nbd2 Qb8 12. h3 O-O 13. Rac1 cxd4 14. Nxd4 Ne5 15. a4 Nxc4 16. Nxc4 Bd5 17. f3 Bc5 18. Nd2 Nh5 19. f4 Nf6 20. N4f3 Ne4 21. Nxe4 Bxe4 22. Ne5 Qb7 23. Rd7 Qb8 24. b4 Bd6 25. Nc6 Bxc6 26. Rxc6 Bxb4 27. Bxg7 1-0

[Event "FIDE Women World Blitz 2021"]
[Site "Warsaw"]
[Date "2021.12.29"]
[Round "8.5"]
[White "Kazarian, Anna-Maja"]
[Black "Smietanska, Wiktoria"]
[Result "1-0"]
[ECO "B90"]
[WhiteElo "2138"]
[BlackElo "1765"]
[Annotator "NA"]
[PlyCount "71"]
[EventDate "2021.12.29"]
[EventType "swiss"]
[EventCountry "POL"]
[Tiebreak "Cut1 Buchholz"]
[SourceTitle "playchess.com"]
[Source "ChessBase"]
[SourceQuality "1"]
[TimeControl "180+2"]

1. e4 c5 2. Nf3 d6 3. d4 cxd4 4. Nxd4 Nf6 5. Nc3 a6 6. Be3 e5 7. Nb3 Be6 8. Qd2 Nbd7 9. O-O-O b5 10. f4 Be7 11. f5 Bc4 12. Kb1 Bxf1 13.
Rhxf1 Nb6 14. Qe2 Nc4 15. Bc1 Qb6 16. g4 Qc6 17. g5 Nd7 18.
Nd5 a5 19. Nxe7 Kxe7 20. f6+ Kf8 21. fxg7+ Kxg7 22. Qh5 Rhf8 23. Rf5 Qxe4 24. Rdf1 Rac8 25. Rxf7+ Kh8 26. Qh6 Rxf7 27. Rxf7 Qg6 28. Qxg6 hxg6 29. Rxd7 a4 30. Nd2 Ne3 31. c3 d5 32. Nf3 Nc4 33. Rxd5 e4 34. Ne5 Re8 35. Nxc4 bxc4 36. Be3 1-0

[Event "FIDE Women World Blitz 2021"]
[Site "Warsaw"]
[Date "2021.12.29"]
[Round "8.6"]
[White "Kosteniuk, Alexandra"]
[Black "Bulmaga, Irina"]
[Result "1-0"]
[ECO "B01"]
[WhiteElo "2518"]
[BlackElo "2405"]
[Annotator "ChessBase"]
[PlyCount "61"]
[EventDate "2021.12.29"]
[EventType "swiss"]
[EventCountry "POL"]
[Tiebreak "Cut1 Buchholz"]
[SourceTitle "playchess.com"]
[Source "ChessBase"]
[SourceQuality "1"]
[TimeControl "180+2"]

1. e4 d5 2. exd5 Qxd5 3. Nc3 Qd6 4. d4 Nf6 5. Nf3 a6 6. g3 Bg4 7. Bg2 Nc6 8. Be3 O-O-O 9. h3 Bh5 10. g4 Bg6 11. Qd2 Nb4 12. Rc1 Ne4 13.
Nxe4 Bxe4 14. a3 Nd5 15. O-O Bxf3 16. Bxf3 Nxe3 17. fxe3 e5 18. Qg2 c6 19. Rcd1 Be7 20. d5 c5 21. c4 Bg5 22. Rd3 Rhe8 23.
Be4 Re7 24. Rb1 Qh6 25. Qf3 Rd6 26. b4 Rf6 27. Bf5+ Kd8 28.
bxc5 g6 29. d6 Rd7 30. Rxb7 gxf5 31. Rb8# 1-0

[Event "FIDE Women World Blitz 2021"]
[Site "Warsaw"]
[Date "2021.12.29"]
[Round "8.6"]
[White "Szczotka, Klara"]
[Black "Nur-Mukhametova, Alisa"]
[Result "0-1"]
[ECO "D85"]
[WhiteElo "1584"]
[BlackElo "2225"]
[Annotator "NA"]
[PlyCount "154"]
[EventDate "2021.12.29"]
[EventType "swiss"]
[EventCountry "POL"]
[Tiebreak "Cut1 Buchholz"]
[SourceTitle "playchess.com"]
[Source "ChessBase"]
[SourceQuality "1"]
[TimeControl "180+2"]

1. d4 Nf6 2. c4 g6 3. Nc3 d5 4. cxd5 Nxd5 5. e4 Nxc3 6. bxc3 Bg7 7. Be3 c5 8. Bc4 Qa5 9. Qd2 O-O 10. Ne2 Nc6 11. Rb1 cxd4 12. cxd4 Qxd2+ 13. Kxd2 Rd8 14. d5 Na5 15. Bd3 e6 16. Rb5 b6 17. Bd4 Ba6 18.
Rb4 Bxd3 19. Kxd3 exd5 20. Bxg7 dxe4+ 21. Kxe4 Kxg7 22. Rd4 Re8+ 23. Kf3 Nc6 24. Rd2 Ne5+ 25. Kg3 h5 26. h4 Rad8 27. Rhd1 Rxd2 28. Rxd2 Re7 29. Nf4 Rd7 30. Re2 Nc4 31. Re4 Na5 32. Re2 Kf6 33. Rc2 Kg7 34. Ne2 Rd6 35. Kf3 Rc6 36. Rxc6 Nxc6 37. Ke4 Kf6 38. a3 Ke6 39. Nf4+ Kd6 40. Nd3 a5 41. f3 b5 42. g4 b4 43.
axb4 Nxb4 44. Nb2 Kc5 45. gxh5 gxh5 46. f4 Kb5 47. Kd4 a4 48. Nc4 Nc2+ 49. Kc3 Ne1 50. Nd2 Ng2 51. Nf3 Nxf4 52. Ng5 f6 53. Ne4 Nd5+ 54. Kd4 Kc6 55. Nd2 a3 56. Nb3 Kd6 57. Kc4 Ke5 58. Nd2 Ne3+ 59. Kb3 Ng2 60. Nf3+ Kf4 61. Nd4 Nxh4 62. Kxa3 Ke3 63. Ne6 Ng6 64. Kb3 f5 65. Kc2 f4 66. Kd1 f3 67. Ke1 Ne5 68. Ng5 Ng4 69. Nh3 f2+ 70. Nxf2 Nxf2 71. Kf1 Kf3 72. Kg1 Ne4 73. Kh2 Kg4 74. Kg2 h4 75. Kh2 h3 76. Kg1 Kg3 77. Kh1 Nf2+ 0-1

[Event "FIDE Women World Blitz 2021"]
[Site "Warsaw"]
[Date "2021.12.29"]
[Round "8.7"]
[White "Socko, Monika"]
[Black "Bodnaruk, Anastasia"]
[Result "1-0"]
[ECO "E92"]
[WhiteElo "2393"]
[BlackElo "2396"]
[Annotator "NA"]
[PlyCount "99"]
[EventDate "2021.12.29"]
[EventType "swiss"]
[EventCountry "POL"]
[Tiebreak "Cut1 Buchholz"]
[SourceTitle "playchess.com"]
[Source "ChessBase"]
[SourceQuality "1"]
[TimeControl "180+2"]

1. d4 Nf6 2. c4 g6 3. Nc3 Bg7 4. e4 d6 5. Nf3 O-O 6. Be2 e5 7. Be3 h6 8. dxe5 Ng4 9. exd6 Nxe3 10.
fxe3 cxd6 11. O-O Nc6 12. Qd2 Bg4 13. Rad1 Bxf3 14. Bxf3 Be5 15. Nd5 Kh7 16. b3 Qg5 17. Nf4 Rad8 18. Be2 Qe7 19. Bd3 Bg7 20. Nd5 Qe6 21. Qf2 Ne5 22. Bc2 Kh8 23. h3 a6 24. Rd2 b5 25.
cxb5 axb5 26. Rfd1 Rc8 27. Nf4 Qe7 28. Rxd6 Qa7 29. Bb1 Rc3 30. Nd5 Rc5 31. Nf6 Rc7 32. Qg3 Re7 33. Nd5 Ree8 34. Qf2 Qc5 35. Nf4 Re7 36. R6d5 Qc7 37. Rxb5 Qc6 38. Rbd5 Kh7 39. Qc2 Qb6 40. Qc5 Qb7 41. Rd6 Rc7 42. Qd5 Qa7 43. Qd2 Rfc8 44. Nd5 Rc5 45. Nf6+ Bxf6 46. Rxf6 R5c7 47. Rd6 Rc3 48. Qd4 Qe7 49. Rd5 Re8 50. Qxc3 1-0

[Event "FIDE Women World Blitz 2021"]
[Site "Warsaw"]
[Date "2021.12.29"]
[Round "8.7"]
[White "Malicka, Maria"]
[Black "Kolaric, Spela"]
[Result "1-0"]
[ECO "C54"]
[WhiteElo "2307"]
[BlackElo "2178"]
[Annotator "NA"]
[PlyCount "115"]
[EventDate "2021.12.29"]
[EventType "swiss"]
[EventCountry "POL"]
[Tiebreak "Cut1 Buchholz"]
[SourceTitle "playchess.com"]
[Source "ChessBase"]
[SourceQuality "1"]
[TimeControl "180+2"]

1. e4 e5 2. Nf3 Nc6 3. Bc4 Nf6 4. d3 Bc5 5. c3 O-O 6. O-O d5 7. exd5 Nxd5 8. Nbd2 Nb6 9. b4 Be7 10. Re1 Bf6 11. a4 Bf5 12. Bb5 Bxd3 13. Bxc6 bxc6 14. Nxe5 Bf5 15. Ndf3 Bxe5 16. Nxe5 Qf6 17. Bf4 Rad8 18.
Qf3 Nd5 19. Bg3 Rfe8 20. Rad1 h6 21. h3 Rb8 22. a5 Bc2 23.
Rc1 Qxf3 24. Nxf3 Rxe1+ 25. Nxe1 Bg6 26. c4 Nxb4 27. Bxc7 Rc8 28. Bd6 Nd3 29. Nxd3 Bxd3 30. c5 Bb5 31. Re1 a6 32. Re7 f6 33. g3 Kh7 34. Kg2 Kg6 35. h4 h5 36. Kf3 Bc4 37. Ra7 Re8 38. Re7 Bd5+ 39. Ke3 Rc8 40.
Kd4 Bf3 41. Re3 Bg2 42. Rb3 Bf1 43. Rb6 Bb5 44. Rb7 Re8 45.
Re7 Rc8 46. Rb7 Re8 47. Re7 Rxe7 48. Bxe7 Kf5 49. Bf8 g5 50. hxg5 fxg5 51. Be7 Kg4 52. Ke3 h4 53. gxh4 gxh4 54. Bd6 h3 55. Bc7 Ba4 56. Bb8 Bb5 57. Bc7 Ba4 58. Bb8 1-0

[Event "FIDE Women World Blitz 2021"]
[Site "Warsaw"]
[Date "2021.12.29"]
[Round "8.8"]
[White "Bivol, Alina"]
[Black "Mammadova, Gulnar"]
[Result "1-0"]
[ECO "C18"]
[WhiteElo "2377"]
[BlackElo "2395"]
[Annotator "NA"]
[PlyCount "111"]
[EventDate "2021.12.29"]
[EventType "swiss"]
[EventCountry "POL"]
[Tiebreak "Cut1 Buchholz"]
[SourceTitle "playchess.com"]
[Source "ChessBase"]
[SourceQuality "1"]
[TimeControl "180+2"]

1. e4 e6 2. d4 d5 3. Nc3 Bb4 4. e5 c5 5. a3 Ba5 6. b4 cxd4 7. Nb5 Bc7 8. f4 Bd7 9. Nxc7+ Qxc7 10. Nf3 Ba4 11. Bd3 Ne7 12. O-O a6 13. Qe2 Nbc6 14. Bb2 Qb6 15. Qf2 Bb5 16. Bxd4 Nxd4 17. Qxd4 Qxd4+ 18. Nxd4 Bxd3 19. cxd3 g6 20. Rac1 Kd7 21. Kf2 Rac8 22. Ke3 h5 23. h3 h4 24. a4 Rxc1 25. Rxc1 Rc8 26. Rxc8 Kxc8 27. Kf3 Kc7 28. Kg4 Nc6 29. Nc2 Kb6 30. Kxh4 a5 31. b5 Nb4 32. Ne1 Kc5 33. Kg5 d4 34. g4 Nd5 35. h4 Kb4 36. h5 gxh5 37. gxh5 Ne7 38. Kf6 Nf5 39. Kxf7 Kxa4 40. Kxe6 Ng7+ 41. Kf6 Nxh5+ 42. Kg5 Ng7 43. f5 Kb3 44. f6 Ne6+ 45. Kf5 a4 46. Kxe6 a3 47. f7 a2 48. f8=Q a1=Q 49. Nf3 Qc3 50.
Qd6 Qxd3 51. Nxd4+ Kc3 52. Qc5+ Kd2 53. Kd6 Qg3 54. Nf5 Qg6+ 55. e6 Qg2 56. Qd5+ 1-0

[Event "FIDE Women World Blitz 2021"]
[Site "Warsaw"]
[Date "2021.12.29"]
[Round "8.8"]
[White "Jakubowska, Anna"]
[Black "Zairbek kyzy, Begimai"]
[Result "1-0"]
[ECO "B12"]
[WhiteElo "2106"]
[BlackElo "1701"]
[Annotator "NA"]
[PlyCount "43"]
[EventDate "2021.12.29"]
[EventType "swiss"]
[EventCountry "POL"]
[Tiebreak "Cut1 Buchholz"]
[SourceTitle "playchess.com"]
[Source "ChessBase"]
[SourceQuality "1"]
[TimeControl "180+2"]

1. e4 c6 2. d4 d5 3. e5 Bf5 4. Nf3 e6 5. Be2 c5 6. c3 Nc6 7. O-O cxd4 8. cxd4 Qb6 9. Nc3 Bg4 10. Na4 Qd8 11. Be3 Nge7 12. Nh4 h5 13. Nc5 b6 14. Nb7 Qc7 15. Nd6+ Kd7 16. Nxf7 Rg8 17. Rc1 Qb7 18. Nd6 Qb8 19. f3 Bf5 20. Nhxf5 Nxf5 21. Nxf5 exf5 22. Bb5 1-0

[Event "FIDE Women World Blitz 2021"]
[Site "Warsaw"]
[Date "2021.12.29"]
[Round "8.9"]
[White "Balajayeva, Khanim"]
[Black "Maltsevskaya, Aleksandra"]
[Result "0-1"]
[ECO "B22"]
[WhiteElo "2369"]
[BlackElo "2411"]
[Annotator "NA"]
[PlyCount "76"]
[EventDate "2021.12.29"]
[EventType "swiss"]
[EventCountry "POL"]
[Tiebreak "Cut1 Buchholz"]
[SourceTitle "playchess.com"]
[Source "ChessBase"]
[SourceQuality "1"]
[TimeControl "180+2"]

1. e4 c5 2. c3 g6 3. d4 cxd4 4. cxd4 d5 5. e5 Bg7 6. Nc3 Nc6 7. h3 Nh6 8. g4 f6 9. f4 Nf7 10. Bg2 Be6 11. Nf3 Qb6 12. Qe2 fxe5 13.
dxe5 O-O 14. Nd1 d4 15. Nf2 Rad8 16. O-O Nb4 17. Rd1 d3 18. Qf1 Nc2 19. Rb1 Ne3 20. Bxe3 Qxe3 21. Rd2 Qxf4 22. Nxd3 Qe3+ 23. Qf2 Rxd3 24. Rxd3 Qxd3 25. Re1 Qa6 26. Qe3 Bd5 27. e6 Nd6 28. b3 Bxf3 29. Bxf3 Qa5 30. Kg2 Rc8 31. Re2 Qc5 32. Qd3 Qd4 33. Qb1 Be5 34. Qe1 Bf6 35. Rd2 Qf4 36. Re2 Rc3 37. Qf1 Be5 38. Rf2 Qh2# 0-1

[Event "FIDE Women World Blitz 2021"]
[Site "Warsaw"]
[Date "2021.12.29"]
[Round "8.9"]
[White "Goraj, Barbara"]
[Black "Utiatskaja, Irina"]
[Result "0-1"]
[ECO "B81"]
[WhiteElo "1902"]
[BlackElo "2184"]
[Annotator "NA"]
[PlyCount "78"]
[EventDate "2021.12.29"]
[EventType "swiss"]
[EventCountry "POL"]
[Tiebreak "Cut1 Buchholz"]
[SourceTitle "playchess.com"]
[Source "ChessBase"]
[SourceQuality "1"]
[TimeControl "180+2"]

1. e4 c5 2. Nf3 d6 3. d4 cxd4 4. Nxd4 Nf6 5. Nc3 a6 6. h3 e6 7. g4 h6 8. Bg2 g5 9. Be3 Qc7 10. h4 Rg8 11. hxg5 hxg5 12. Qe2 Nbd7 13. O-O-O Ne5 14. f3 Bd7 15. Kb1 b5 16. Qf2 Rc8 17. Bc1 b4 18.
Nce2 Bb5 19. b3 Be7 20. Bb2 Ned7 21. Rc1 Qa7 22. Qe1 d5 23. Ng3 dxe4 24. Nxe4 Nxe4 25. Qxe4 Nf6 26. Qe5 Nd5 27. Rh8 Kd7 28. Rxg8 Rxg8 29. Qe1 Rc8 30. Ka1 Nc3 31. Ne2 Qc7 32. f4 gxf4 33. Qd2+ Ke8 34. Rh1 Bxe2 35. Rh8+ Bf8 36. g5 f3 37. Bh3 Qg3 38. Rxf8+ Kxf8 39. g6 Qxh3 0-1

[Event "FIDE Women World Blitz 2021"]
[Site "Warsaw"]
[Date "2021.12.29"]
[Round "8.10"]
[White "Injac, Teodora"]
[Black "Stefanova, Antoaneta"]
[Result "0-1"]
[ECO "D11"]
[WhiteElo "2387"]
[BlackElo "2475"]
[Annotator "ChessBase"]
[PlyCount "127"]
[EventDate "2021.12.29"]
[EventType "swiss"]
[EventCountry "POL"]
[Tiebreak "Cut1 Buchholz"]
[SourceTitle "playchess.com"]
[Source "ChessBase"]
[SourceQuality "1"]
[TimeControl "180+2"]

1. d4 d5 2. c4 c6 3. Nf3 Nf6 4. Qc2 g6 5. cxd5 cxd5 6. Nc3 Nc6 7. Bf4 Bf5 8. Qb3 Na5 9. Qa4+ Bd7 10. Qd1 Rc8 11. e3 Qb6 12. Rb1 Bg7 13.
Ne5 Bf5 14. Bb5+ Nc6 15. Nxc6 bxc6 16. Bd3 Bxd3 17. Qxd3 O-O 18. O-O Nd7 19. Rfc1 e5 20. dxe5 Nxe5 21. Bxe5 Bxe5 22. Na4 Qb4 23. b3 Rc7 24. g3 h5 25. h4 Bf6 26. Kg2 Qg4 27. Qd1 Qe6 28. Nc5 Qe7 29. Qf3 Be5 30.
b4 Kg7 31. a3 Bd6 32. Rc2 Ra8 33. Nb3 Rac8 34. Rbc1 Qd7 35. Qe2 Qf5 36. Qf3 Qd7 37. Nd4 c5 38. bxc5 Rxc5 39. Rxc5 Rxc5 40. Rxc5 Bxc5 41. a4 a5 42. Nb5 Bb4 43. Qf4 Qe6 44. Qd4+ Kh7 45. Nc7 Qe4+ 46. Kg1 Qxd4 47. exd4 Bc3 48. Nb5 Bb4 49. Kg2 Kg7 50. Nc7 Bc3 51. Nb5 Bb2 52. Kf3 Kf8 53. Kf4 f6 54. Ke3 Ke7 55. Kd3 Bc1 56. Nc3 Kd6 57. Ne2 Bh6 58. Nc3 g5 59. Ne2 Ke6 60. Kc3 Kf5 61. f3 Bf8 62. Kd3 Bd6 63. Ke3 Bb4 64. f4 0-1

[Event "FIDE Women World Blitz 2021"]
[Site "Warsaw"]
[Date "2021.12.29"]
[Round "8.10"]
[White "Rudzinska, Michalina"]
[Black "Kubicka, Anna"]
[Result "0-1"]
[ECO "B15"]
[WhiteElo "1832"]
[BlackElo "2273"]
[Annotator "NA"]
[PlyCount "113"]
[EventDate "2021.12.29"]
[EventType "swiss"]
[EventCountry "POL"]
[Tiebreak "Cut1 Buchholz"]
[SourceTitle "playchess.com"]
[Source "ChessBase"]
[SourceQuality "1"]
[TimeControl "180+2"]

1. e4 c6 2. d4 d5 3. Nc3 dxe4 4. Nxe4 Nf6 5. Nxf6+ exf6 6. c3 Bd6 7. Bd3 O-O 8. Ne2 Re8 9. O-O Nd7 10. Bf4 Nf8 11. Bxd6 Qxd6 12. Ng3 Qf4 13. Qc2 Be6 14. Rfe1 Ng6 15. Re3 Bd5 16. Rae1 Rxe3 17. fxe3 Qg5 18. e4 Be6 19. c4 Nf4 20. d5 Bd7 21. Bf1 Re8 22. Qf2 b6 23. b4 Qe5 24. Rd1 h5 25. Qd4 h4 26. Qxe5 Rxe5 27. Nf5 Bxf5 28. dxc6 Rxe4 29. c7 Re8 30. Rd8 Kf8 31. Rd4 Ne6 32. Rxh4 Nxc7 33. c5 bxc5 34. bxc5 Ne6 35. c6 Rc8 36. Rc4 Nd8 37. Rc5 g6 38.
Bb5 Rc7 39. a4 Be4 40. Rc4 Bxc6 41. Rd4 Ke7 42. Bxc6 Nxc6 43. Rc4 Kd6 44. Rh4 Rb7 45. Rh7 Ke6 46. Rh4 Rb4 47. Rh8 Rxa4 48. Rc8 Ne5 49. h3 f5 50. g3 Ra2 51. Rb8 g5 52. h4 gxh4 53. gxh4 f4 54. h5 f3 55. h6 f2+ 56. Kf1 Ng4 57. Re8+ 0-1

[Event "FIDE Women World Blitz 2021"]
[Site "Warsaw"]
[Date "2021.12.29"]
[Round "8.11"]
[White "Paehtz, Elisabeth"]
[Black "Gaponenko, Inna"]
[Result "1-0"]
[ECO "B07"]
[WhiteElo "2485"]
[BlackElo "2339"]
[Annotator "ChessBase"]
[PlyCount "155"]
[EventDate "2021.12.29"]
[EventType "swiss"]
[EventCountry "POL"]
[Tiebreak "Cut1 Buchholz"]
[SourceTitle "playchess.com"]
[Source "ChessBase"]
[SourceQuality "1"]
[TimeControl "180+2"]

1. d4 g6 2. Nf3 Bg7 3. c3 d6 4. Bg5 h6 5. Bh4 Nf6 6. Nbd2 Nbd7 7. e4 e5 8. Bd3 O-O 9. O-O g5 10. Bg3 Nh5 11. dxe5 Nxg3 12. hxg3 Nxe5 13. Nxe5 dxe5 14. Qe2 Be6 15. Nc4 Bxc4 16. Bxc4 Qe7 17. Bb3 Rad8 18. Rad1 Rxd1 19. Rxd1 Rd8 20. Rxd8+ Qxd8 21.
Qb5 b6 22. Bd5 Bf8 23. Qc6 Kg7 24. b4 a5 25. bxa5 bxa5 26. Qb5 c5 27. a4 Be7 28. Qb3 Qe8 29. Bc4 Bd6 30. Qb7 Qe7 31. Qc6 Qc7 32. Qd5 Qe7 33.
Kf1 Qc7 34. Ke2 Qe7 35. Qc6 Qc7 36. Qe8 Qe7 37. Qa8 Bc7 38.
Bb5 Qd8 39. Qc6 Qd6 40. Qxd6 Bxd6 41. Kd3 Kf6 42. Bd7 Ke7 43. Bg4 Bc7 44. Kc4 Kd6 45. Kb5 Bd8 46. f3 f6 47. Bh5 Bc7 48.
Ka6 Bd8 49. Kb7 c4 50. Bf7 Kc5 51. Kc8 Be7 52. Kd7 Bf8 53. Ke6 Bg7 54. Be8 Bh8 55. Kf7 f5 56. exf5 e4 57. fxe4 Bxc3 58. Ke6 Be1 59. Bb5 c3 60. Bd3 Bxg3 61. f6 Bd6 62. e5 Bf8 63. Bb1 Kd4 64. Kf5 Kd5 65.
e6 Kd6 66. Bc2 g4 67. g3 h5 68. e7 Bxe7 69. fxe7 Kxe7 70. Kg5 Kd6 71. Kxh5 Ke5 72. Kxg4 Kd4 73. Kf3 Kc4 74. g4 Kb4 75. g5 Ka3 76. g6 Kb2 77. Be4 c2 78. Bxc2 1-0

[Event "FIDE Women World Blitz 2021"]
[Site "Warsaw"]
[Date "2021.12.29"]
[Round "8.11"]
[White "Parol, Pola"]
[Black "Heredia Serrano, Carla"]
[Result "1-0"]
[ECO "B19"]
[WhiteElo "1823"]
[BlackElo "2138"]
[Annotator "NA"]
[PlyCount "155"]
[EventDate "2021.12.29"]
[EventType "swiss"]
[EventCountry "POL"]
[Tiebreak "Cut1 Buchholz"]
[SourceTitle "playchess.com"]
[Source "ChessBase"]
[SourceQuality "1"]
[TimeControl "180+2"]

1. e4 c6 2. d4 d5 3. Nc3 dxe4 4. Nxe4 Bf5 5. Ng3 Bg6 6. h4 h6 7. Nf3 Nd7 8. h5 Bh7 9. Bd3 Bxd3 10. Qxd3 e6 11. Bd2 Ngf6 12. O-O-O Be7 13. Ne4 Qb6 14. c4 Rd8 15. Bc3 Qa6 16. Kb1 b5 17. cxb5 cxb5 18.
Nxf6+ Nxf6 19. Qe2 Qc6 20. Ne5 Qe4+ 21. Qxe4 Nxe4 22. Rhf1 Rc8 23. Be1 O-O 24. f3 Nf6 25. g4 Rfd8 26. Bf2 Rd5 27. Rc1 Re8 28. Rc6 Bd8 29. Rc8 Bb6 30. Rxe8+ Nxe8 31. Rd1 Kf8 32. Nc6 a5 33. Ne5 Ke7 34. Rc1 Kd8 35. Nc6+ Kd7 36. Ne5+ Ke7 37. Nc6+ Kd7 38. Ne5+ Ke7 39. Nc6+ Kf8 40. Rd1 Nf6 41. a3 Nd7 42. b4 a4 43. Kc2 f6 44. Be3 Kf7 45. f4 Nf8 46. Kd3 e5 47. fxe5 Ne6 48.
exf6 Kxf6 49. Kc3 Kf7 50. Ne5+ Kg8 51. Rf1 Kh7 52. Rd1 Rd8 53. Kb2 Rc8 54. d5 Bxe3 55. dxe6 Bg5 56. Nf7 Bf6+ 57. Kb1 Re8 58. Re1 Kg8 59. Kc2 Rc8+ 60. Kd3 Re8 61. Re4 Rc8 62. Ke3 Rc3+ 63. Ke2 Rc2+ 64. Kd1 Rc8 65. Ke2 Rc2+ 66. Kf3 Rc3+ 67. Kf4 Rc8 68. Nd6 Rc7 69. Ne8 Kf8 70. Nxc7 Ke7 71. Nd5+ Ke8 72. Nxf6+ gxf6 73. Kf5 Ke7 74. Rd4 Ke8 75. Rd7 Kf8 76. Kxf6 Kg8 77. e7 Kh7 78. e8=Q# 1-0

[Event "FIDE Women World Blitz 2021"]
[Site "Warsaw"]
[Date "2021.12.29"]
[Round "8.12"]
[White "Dzagnidze, Nana"]
[Black "Vantika Agrawal"]
[Result "1/2-1/2"]
[ECO "D37"]
[WhiteElo "2524"]
[BlackElo "2329"]
[Annotator "ChessBase"]
[PlyCount "91"]
[EventDate "2021.12.29"]
[EventType "swiss"]
[EventCountry "POL"]
[Tiebreak "Cut1 Buchholz"]
[SourceTitle "playchess.com"]
[Source "ChessBase"]
[SourceQuality "1"]
[TimeControl "180+2"]

1. d4 Nf6 2. c4 e6 3. Nf3 d5 4. Nc3 Be7 5. Bf4 O-O 6. e3 c5 7. dxc5 Bxc5 8.
a3 Nc6 9. Be2 a6 10. cxd5 Nxd5 11. Nxd5 exd5 12. O-O h6 13. Qc2 Qe7 14. Rac1 Ba7 15. Rfd1 Be6 16. Ne5 Rac8 17. Qd2 Nxe5 18. Bxe5 Qg5 19. Bd4 Bb8 20. Bf3 h5 21. Rxc8 Rxc8 22. Rc1 Rxc1+ 23. Qxc1 h4 24. Qc2 h3 25. g3 Bd6 26. Be2 Bf5 27. Bd3 Bxd3 28. Qxd3 Qg4 29. Kf1 Qf3 30. Qc2 Qg2+ 31. Ke2 Qxh2 32. Qc8+ Kh7 33. Qf5+ Kg8 34. Qc8+ Kh7 35. Qf5+ Kg8 36. Qxd5 Bf8 37. Qd8 Qg2 38. Bc5 h2 39. Qxf8+ Kh7 40. Bd4 f6 41. Bxf6 gxf6 42. Qf7+ Kh6 43. Qxf6+ Kh7 44. Qf7+ Kh6 45. Qf6+ Kh7 46. Qf7+ 1/2-1/2

[Event "FIDE Women World Blitz 2021"]
[Site "Warsaw"]
[Date "2021.12.29"]
[Round "8.12"]
[White "Budkiewicz, Magdalena"]
[Black "Da Silva, Cibele Florencio"]
[Result "1-0"]
[ECO "C72"]
[WhiteElo "1624"]
[BlackElo "1405"]
[Annotator "NA"]
[PlyCount "29"]
[EventDate "2021.12.29"]
[EventType "swiss"]
[EventCountry "POL"]
[Tiebreak "Cut1 Buchholz"]
[SourceTitle "playchess.com"]
[Source "ChessBase"]
[SourceQuality "1"]
[TimeControl "180+2"]

1. e4 e5 2. Nf3 Nc6 3. Bb5 d6 4. O-O Bd7 5. c3 a6 6. Ba4 b5 7. Bb3 h6 8. h3 Nf6 9. Re1 Be7 10. d4 Nh5 11. Nxe5 dxe5 12. Qxh5 g6 13.
Qf3 Be6 14. d5 Bxd5 15. Bxd5 1-0

[Event "FIDE Women World Blitz 2021"]
[Site "Warsaw"]
[Date "2021.12.29"]
[Round "8.13"]
[White "Buksa, Nataliya"]
[Black "Muzychuk, Mariya"]
[Result "1/2-1/2"]
[ECO "D00"]
[WhiteElo "2199"]
[BlackElo "2536"]
[Annotator "ChessBase"]
[PlyCount "106"]
[EventDate "2021.12.29"]
[EventType "swiss"]
[EventCountry "POL"]
[Tiebreak "Cut1 Buchholz"]
[SourceTitle "playchess.com"]
[Source "ChessBase"]
[SourceQuality "1"]
[TimeControl "180+2"]

1. d4 d5 2. Nc3 Nf6 3. Bf4 e6 4. Nb5 Bb4+ 5. c3 Ba5 6. b4 Bb6 7. a4 a5 8. e3 O-O 9. Nf3 Qe7 10. Qb3 Na6 11. bxa5 Bxa5 12. Bd3 h6 13. O-O Rd8 14. h3 c6 15. Na3 c5 16. c4 cxd4 17. exd4 dxc4 18. Nxc4 Bc7 19. Bxc7 Nxc7 20. Nb6 Rb8 21. Rfc1 Ncd5 22. a5 Nxb6 23. axb6 Qd6 24. Bc4 Bd7 25. Rd1 Bc6 26. Ne5 Bd5 27. Rac1 Rbc8 28. Bxd5 Nxd5 29. Qf3 Qe7 30. Rxc8 Rxc8 31. Rb1 Rc3 32. Qe4 Qd6 33. Nf3 Rc6 34. Ra1 Rc8 35. Rb1 Nc3 36. Qxb7 Rb8 37. Qc7 Ne4 38. Qxd6 Nxd6 39. Ne5 Rb7 40. Nc6 Nc4 41. Ra1 Rxb6 42. Ra8+ Kh7 43. Nd8 Kg6 44. Ra7 Nd6 45. Rd7 Ra6 46. g4 Kf6 47. Kg2 Rb6 48. Kg3 g5 49. Kg2 Kg6 50. Kf3 Rb3+ 51. Kg2 Rb6 52. Kf3 Ra6 53. Kg2 Rb6 1/2-1/2

[Event "FIDE Women World Blitz 2021"]
[Site "Warsaw"]
[Date "2021.12.29"]
[Round "8.13"]
[White "Zabrzanska, Weronika"]
[Black "Brambilla, Renee Blandy T."]
[Result "1-0"]
[ECO "B22"]
[WhiteElo "1596"]
[BlackElo "1651"]
[Annotator "NA"]
[PlyCount "46"]
[EventDate "2021.12.29"]
[EventType "swiss"]
[EventCountry "POL"]
[Tiebreak "Cut1 Buchholz"]
[SourceTitle "playchess.com"]
[Source "ChessBase"]
[SourceQuality "1"]
[TimeControl "180+2"]

1. e4 c5 2. c3 g6 3. d4 cxd4 4. cxd4 Bg7 5. Nf3 Nf6 6. Bd3 O-O 7. O-O Nc6 8. Nc3 d6 9. h3 Bd7 10. a3 Rc8 11. Be3 a6 12. Rc1 Rc7 13.
Qc2 Qc8 14. Nd5 Nxd5 15. exd5 Nxd4 16. Qxc7 Nxf3+ 17. gxf3 Bxb2 18. Qxc8 Bxc8 19. Rc7 Bxh3 20. Rb1 Bxa3 21.
Rbxb7 a5 22. Rxe7 Bb4 23. Bh6 Bf5 1-0

[Event "FIDE Women World Blitz 2021"]
[Site "Warsaw"]
[Date "2021.12.29"]
[Round "8.14"]
[White "Majdan, Joanna"]
[Black "Lagno, Kateryna"]
[Result "1-0"]
[ECO "C00"]
[WhiteElo "2325"]
[BlackElo "2550"]
[Annotator "ChessBase"]
[PlyCount "79"]
[EventDate "2021.12.29"]
[EventType "swiss"]
[EventCountry "POL"]
[Tiebreak "Cut1 Buchholz"]
[SourceTitle "playchess.com"]
[Source "ChessBase"]
[SourceQuality "1"]
[TimeControl "180+2"]

1. e4 e5 2. Nf3 Nc6 3. Bb5 Nf6 4. d3 Bc5 5. c3 O-O 6. O-O d5 7. Nbd2 dxe4 8. dxe4 Qe7 9. h3 Nb8 10. b4 a6 11. Bd3 Ba7 12. Nc4 Nbd7 13.
Ne3 Rd8 14. Nf5 Qe8 15. N3h4 Nf8 16. Qf3 Ng6 17. Bg5 Bxf5 18. Nxf5 Qe6 19. Rfd1 c5 20. bxc5 Bxc5 21. Bc2 Bf8 22. Bb3 Qc6 23. Nh6+ gxh6 24. Bxf6 Rxd1+ 25. Rxd1 Qc7 26. h4 Bg7 27. h5 Bxf6 28. hxg6 Kg7 29. gxf7 Rd8 30. Qg4+ Bg5 31. Rxd8 Qxd8 32. Qe6 Qe7 33. Qc8 Qf8 34. Qxb7 a5 35. Bd5 a4 36. c4 a3 37. c5 Be7 38. c6 Bd6 39. c7 Bxc7 40. Qxc7 1-0

[Event "FIDE Women World Blitz 2021"]
[Site "Warsaw"]
[Date "2021.12.29"]
[Round "8.15"]
[White "Muzychuk, Anna"]
[Black "Lach, Aleksandra"]
[Result "1-0"]
[ECO "A02"]
[WhiteElo "2533"]
[BlackElo "2204"]
[Annotator "ChessBase"]
[PlyCount "69"]
[EventDate "2021.12.29"]
[EventType "swiss"]
[EventCountry "POL"]
[Tiebreak "Cut1 Buchholz"]
[SourceTitle "playchess.com"]
[Source "ChessBase"]
[SourceQuality "1"]
[TimeControl "180+2"]

1. f4 b5 2. e4 a6 3. Nf3 Bb7 4. d3 e6 5. g3 d5 6. e5 h5 7. d4 Ne7 8. c3 Nf5 9. Bd3 g6 10. O-O c5 11. a4 Qb6 12. axb5 axb5 13. Rxa8 Bxa8 14. Bxf5 gxf5 15. Be3 c4 16. b4 cxb3 17. Qxb3 b4 18. Nbd2 Nc6 19. Ra1 Bb7 20. Ne1 Be7 21. Nd3 O-O 22. cxb4 Ba6 23. Nc5 Bc8 24. b5 Nxd4 25. Bxd4 Bxc5 26. Bxc5 Qxc5+ 27. Kg2 d4 28. Qf3 Qxb5 29. Qxh5 Bb7+ 30. Kh3 Qb2 31. Rd1 Be4 32. Nxe4 fxe4 33. Qg5+ Kh8 34. f5 d3 35. f6 1-0